Unix NetHack Version 3.7.0-59 Work-in-progress - last build Jun 5 2022 17:08:46 (499eea869b49aadf0d9bfe9a757f046f4740a4be,branch:master). Game began 2022-06-04 12:04:11, ended 2022-06-10 20:24:24. Lawliet, lawful female human Samurai ------- |.....| .>| |.._..|# ..- |......# -..-- --.|... .-.---..... #...# .......[-.... 0 .+. ...- .......-|....| ##.-.-.-..| ------ ...{...| ..|.| .-.........| - ... |...%| ......-- |....-|..........| |...).d |.... -....------|.|-......-.-...-------..d@------ -|- ..|. |..--.|...---..|...-|..|..|-.fd|-...---.- |.....|....-- ....--|..|..|--. |......... -..........| ..--.--.---.-...%...........- ......G...| ..............---.....{.....----- .--....... --------.--+- --..............| -...... |.........-----|| ---...- -------..-- |...| --- |...| ----- Lawliet the Kunoichi St:16 Dx:15 Co:17 In:10 Wi:8 Ch:9 Lawful Dlvl:8 $:0 HP:0(56) Pw:16(16) AC:10 Exp:6 T:3095 Latest messages: The wolf picks up a dart. The warg drops a gold piece. The wolf picks up an elven spear. The wolf drops an elven spear. The wolf picks up a pancake. The warg picks up a faded pall. The warg drops a faded pall. The warg picks up a gold piece. The warg drops a gold piece. The warg picks up a gold piece. The wolf drops a pancake. The warg drops a gold piece. The wolf picks up a pancake. The wolf drops a dart. The warg picks up an elven spear. The wolf drops a pancake. The warg drops an elven spear. The warg picks up a faded pall. The wolf drops a gold piece. The wolf picks up a pancake. The warg drops a faded pall. You stop waiting. The jaguar hits! You stop waiting. The jaguar hits! The jaguar bites! The wolf bites the jaguar. The wolf misses the jaguar. Pick an object. Are you sure you want to pray? [yn] (n) y You begin praying to Amaterasu Omikami. The jaguar hits! The jaguar hits! You return to human form! The jaguar bites! The jaguar hits! The jaguar hits! The jaguar bites! The wolf bites the jaguar. The jaguar misses the wolf. The jaguar misses the wolf. The jaguar misses the wolf. The wolf misses the jaguar. The jaguar hits! The jaguar hits! The jaguar bites! The jaguar hits! The jaguar hits! You die... Do you want your possessions identified? [ynq] (y) q Major events: Turn 1: Lawliet the lawful female human Samurai entered the dungeon 1074: attained the rank of Ronin (level 3) 1543: entered the Gnomish Mines 2295: reached Mine Town 2481: attained the rank of Kunoichi (level 6) 3095: killed by a jaguar, while praying Inventory: Weapons D - a +0 elven dagger Lawliet the Samurai's attributes: Background: You were a Kunoichi, a level 6 female human Samurai. You were lawful, on a mission for Amaterasu Omikami who was opposed by Raijin (neutral) and Susanowo (chaotic). You were in the Gnomish Mines, on level 8. You entered the dungeon 3095 turns ago. You had 390 experience points, 250 more were needed to attain level 7. Basics: You had 0 out of 56 hit points. You had all 16 energy points (spell power). Your armor class was 10. Your wallet was empty. Autopickup was off. Final Characteristics: Your strength was 16 (limit:18/100). Your dexterity was 15 (limit:18). Your constitution was 17 (limit:18). Your intelligence was 10 (limit:18). Your wisdom was 8 (limit:18). Your charisma was 9 (limit:18). Final Status: You were not hungry. You were unencumbered. You were bare handed. You had basic skill with martial arts. You were not wearing any armor. Final Attributes: You were piously aligned. You were poison resistant. You were level-drain resistant. You were a werewolf. You were harmed by silver. You were fast. You were unlucky. Amaterasu Omikami was angry with you. You are dead. Miscellaneous: You encountered 1 bones level. Total elapsed playing time was 1 hour, 21 minutes and 26 seconds. Vanquished creatures: 3 wolves a gold golem a Green-elf a lizard 2 rock moles a yellow light 2 shriekers a violet fungus a gnome leader a gnomish wizard a giant ant a little dog a floating eye a dwarf a hill orc a giant bat a hobbit a large kobold a giant rat a yellow mold a red mold 7 gnomes 4 geckos 7 jackals a fox a kobold 2 goblins 2 sewer rats a grid bug a bat 2 lichens a kobold zombie 4 newts 58 creatures vanquished. No species were genocided or became extinct. Voluntary challenges: You were illiterate. You never engraved Elbereth. You never genocided any monsters. You never polymorphed an object. You used no wishes. Achievements: You attained the rank of Ronin. You entered a shop. You entered the Gnomish Mines. You entered Minetown. You entered a temple. You attained the rank of Kunoichi. The Dungeons of Doom: levels 1 to 6 Level 1: Level 2: Level 3: A general store, an altar. Level 4: "vault" Stairs down to The Gnomish Mines. Level 5: A general store, some fountains. Level 6: A delicatessen. The Gnomish Mines: levels 5 to 8 Level 5: Level 8: <- You were here. A delicatessen, a temple to Amaterasu Omikami, some fountains, a grave. Final resting place for you, killed by a jaguar, while praying, nabru-Wiz-Elf-Fem-Cha, killed by a wolf, nabru-Wiz-Elf-Fem-Cha, killed by a dwarf. Game over: ---------- / \ / REST \ / IN \ / PEACE \ / \ | Lawliet | | 0 Au | | killed by a | | jaguar | | | | | | 2022 | *| * * * | * _________)/\\_//(\/(/\)/\//\/|_)_______ Sayonara Lawliet the Samurai... You died in The Gnomish Mines on dungeon level 8 with 1930 points, and 0 pieces of gold, after 3095 moves. You were level 6 with a maximum of 56 hit points when you died.